 Dungeon Crawl Stone Soup version 0.31-a0-45-g5f0c076935 (webtiles) character file.

Game seed: 11927912444154554389

713 bande the Chopper (level 7, -7/44 HPs)
             Began as a Gargoyle Fighter on May 22, 2023.
             Mangled by a gnoll
             ... wielding a +0 halberd
              (12 damage)
             ... on level 5 of the Dungeon.
             The game lasted 00:10:04 (4596 turns).

bande the Chopper (Gargoyle Fighter)                Turns: 4596, Time: 00:10:05

Health: -7/44      AC: 20    Str: 19    XL:     7   Next: 69%
Magic:  0/0        EV:  7    Int:  9    God:
Gold:   1519       SH:  5    Dex: 15    Spells: 6/6 levels left

rFire   . . .        v - +0 broad axe
rCold   . . .        c - +0 buckler
rNeg    + . .        j - +0 chain mail
rPois   ∞            (no helmet)
rElec   +            r - +0 cloak
rCorr   .            b - +2 pair of gloves of Impermeability {rElec Will+ MP-9 Dex+4}
SInv    .            n - +0 pair of boots
Will    ++...        (no amulet) Stlth
                     o - ring of willpower
HPRegen 0.27/turn    (no ring)
MPRegen 0.07/turn

%: no passive effects
@: no status effects
A: sickness immunity, AC +4, negative energy resistance 1, electricity
resistance, torment resistance 1, petrification resistance
a: no special abilities


You were on level 5 of the Dungeon.
You visited 1 branch of the dungeon, and saw 5 of its levels.

You collected 1597 gold pieces.
You spent 78 gold pieces at shops.

Inventory:

Hand Weapons
 a - a +0 war axe
 p - a +4 heavy flail
 v - a +0 broad axe (weapon)
Armour
 b - the +2 pair of gloves of Impermeability (worn) {rElec Will+ MP-9 Dex+4}
   (You found it on level 4 of the Dungeon)

   Dex:       It affects your dexterity (+4).
   rElec:     It insulates you from electricity.
   MP:        It affects your magic capacity (-9).
   Will:      It increases your willpower.
 c - a +0 buckler (worn)
 j - a +0 chain mail (worn)
 n - a +0 pair of boots (worn)
 r - a +0 cloak (worn)
Jewellery
 o - a ring of willpower (left hand)
Wands
 k - a wand of quicksilver (10)
 m - a wand of roots (2)
 x - a wand of paralysis (8)
Scrolls
 e - a scroll of magic mapping
 i - 3 scrolls of teleportation
 q - a scroll of amnesia
 s - a scroll of fear
Potions
 d - a potion of might
 f - a potion of haste
 g - 3 potions of curing
 h - a potion of heal wounds
 l - a potion of brilliance
 t - a potion of mutation {unknown}
 u - a potion of cancellation {unknown}
 z - a potion of flight {unknown}


   Skills:
 + Level 4.7 Fighting
 + Level 5.2 Axes
 + Level 5.2 Armour
 - Level 0.1 Dodging
 + Level 4.5 Shields
 * Level 1.4 Evocations


You had 6 spell levels left.
You didn't know any spells.
Your spell library was empty.

Dungeon Overview and Level Annotations

Branches:
Dungeon (5/15)             Temple (0/1) D:4

Altars:
Elyvilon
Nemelex Xobeh
Wu Jian

Shops:
D:4 **


Innate Abilities, Weirdness & Mutations

You are immune to sickness and miasma.
Your stone body is resilient. (AC +4)
You are immune to poison.
You resist negative energy. (rN+)
You are resistant to electric shocks. (rElec)
You are resistant to unholy torment.
You are immune to petrification.


Message History

The centaur is severely wounded.
You block the centaur's attack. x2
The centaur hits you but does no damage.
The centaur kicks you.
Unknown command.
You slash the centaur!
You kill the centaur!
A gnoll comes into view. It is wielding a +0 halberd.
The gnoll moves out of view.
Things that are here:
a +0 shortbow; a centaur corpse You now have 1519 gold pieces (gained 2).
Items here: )) ††.
The gnoll shouts!
You see here a +0 club.
A gnoll comes into view. It is wielding a +0 long sword.
You see here a +0 club.
The gnoll barely misses you.
Items here: )) ††.
The gnoll hits you with a +0 halberd!
You hit the gnoll.
The gnoll is lightly wounded.
The gnoll hits you with a +0 halberd!
You barely miss the gnoll.
The gnoll is lightly wounded.
You hit the gnoll.
The gnoll hits you with a +0 long sword!
The gnoll hits you but does no damage.
You barely miss the gnoll.
The gnoll is lightly wounded.
You slash the gnoll!
You kill the gnoll!
The gnoll hits you with a +0 halberd!
* * * LOW HITPOINT WARNING * * *
The gnoll hits you with a +0 halberd.
* * * LOW HITPOINT WARNING * * *
You slash the gnoll!
The gnoll is severely wounded.
The gnoll hits you with a +0 halberd!
You die...

#.# ##+##
######[#### #.#
#.# #.#
#####.##### #.#
#.# #.........#
##.##### #.#
#.###.###.#
##...... ..# #.#
#.# .....# ###
#.###.####....#
#........#..#.#
........##))@)..#
############g)###
#.)# #.... ##.###
#.# ..# ..#


You could see a gnoll.

Vanquished Creatures
  Edmund (D:4)
  A centaur (D:5)
  A scorpion (D:4)
  A jelly (D:3)
  A hound (D:4)
  3 orc priests (D:3)
  Terence (D:3)
  A sleepcap (D:3)
  An orc wizard (D:4)
  Ijyb (D:3)
  5 gnolls
  7 adders
  A worm (D:3)
  3 dart slugs
  12 orcs
  6 ball pythons
  3 bats (D:2)
  9 endoplasms
  4 goblins
  5 hobgoblins
  5 jackals
  5 kobolds
  A quokka (D:3)
  2 frilled lizards
  7 rats
87 creatures vanquished.

Notes
Turn   | Place    | Note
-------+----------+-------------------------------------------
     0 | D:1      | bande the Gargoyle Fighter began the quest for the Orb.
     0 | D:1      | Reached XP level 1. HP: 14/14 MP: 1/1
    43 | D:1      | Found a faded altar of an unknown god.
   247 | D:1      | Reached XP level 2. HP: 19/19 MP: 2/2
   858 | D:2      | Reached XP level 3. HP: 23/23 MP: 3/3
   983 | D:2      | Identified a scroll of acquirement
   983 | D:2      | Acquired 1354 gold pieces
  1235 | D:2      | Reached XP level 4. HP: 17/29 MP: 4/4
  1841 | D:3      | Reached XP level 5. HP: 30/33 MP: 5/5
  1885 | D:3      | Reached XP level 6. HP: 22/38 MP: 6/6
  2160 | D:3      | Found a white marble altar of Elyvilon.
  2432 | D:3      | Noticed Ijyb
  2449 | D:3      | Killed Ijyb
  2789 | D:3      | Noticed Terence
  2807 | D:3      | Killed Terence
  3279 | D:4      | Noticed Edmund
  3312 | D:4      | Killed Edmund
  3313 | D:4      | Reached XP level 7. HP: 17/44 MP: 7/7
  3641 | D:4      | Reached skill level 5 in Axes
  3641 | D:4      | Reached skill level 5 in Armour
  3641 | D:4      | Reached skill level 1 in Evocations
  3659 | D:4      | Found a staircase to the Ecumenical Temple.
  3664 | D:4      | Identified the +2 pair of gloves of Impermeability {rElec
                  | Will+ MP-9 Dex+4}
  3889 | D:4      | Found Ceotil's Mayhem Merchandise.
  3906 | D:4      | Bought a +0 broad axe for 52 gold pieces
  3971 | D:4      | Found an ornate altar of the Wu Jian Council.
  3971 | D:4      | Found a sparkling altar of Nemelex Xobeh.
  4029 | D:4      | Found Ihomegoph's Assorted Antiques.
  4380 | D:4      | Bought a potion of degeneration for 26 gold pieces
  4456 | D:5      | Entered Level 5 of the Dungeon
  4596 | D:5      | Mangled by a gnoll

Illustrated notes

Levels and vault maps discovered:
D:1:      dpeg_arrival_tiny_k, layout_basic, shapermc_ecumenical_altar_gd
D:2:      layout_basic
D:3:      layout_rooms, elyvilon_altar_5, chequers_serial_rivers_micro_c,
          uniq_terence, uniq_ijyb
D:4:      layout_cave_pools, gammafunk_temple_overflow_elements, temple_statues,
          serial_glass, glass_columns_b, glass_columns_b, glass_columns_b,
          serial_shops, nicolae_inconvenience_store, minmay_misc_feat_tower,
          minivault_27, grunt_decor_mini_mirrors, dk_noncrumbling_3,
          minmay_shop_mayhem, uniq_edmund
D:5:      layout_loops_corners, hellmonk_ghost_happy_afterlife

Skill      XL: |  1  2  3  4  5  6  7 |
---------------+----------------------+-----
Axes           | 2 3 4 5 |  5.2
Armour         | 4 5 |  5.2
Fighting       | 4 |  4.7
Shields        | 4 |  4.5
Evocations     | 1 |  1.4
Dodging        | |  0.1

Action                     |  1- 3 |  4- 6 |  7- 9 || total
---------------------------+-------+-------+-------++-------
  Melee: War axe           |    69 |   205 |    24 ||   298
         Broad axe         |       |       |    44 ||    44
    Use: Scroll            |     9 |     5 |     3 ||    17
         Potion            |       |     1 |       ||     1
 Armour: Scale mail        |     3 |       |       ||     3
         Chain mail        |    47 |   133 |    60 ||   240
  Dodge: Dodged            |    22 |    86 |    25 ||   133
  Block: Buckler           |    14 |    47 |    18 ||    79

Table legend: (Time is in decaauts)
 A = Elapsed time spent in this place.
 B = Non-inter-level travel time spent in this place.
 C = Inter-level travel time spent in this place.
 D = Time resting spent in this place.
 E = Time spent auto-exploring this place.
 F = Levels seen in this place.
 G = Mean time per level.
                   A        B        C        D        E       F      G
               +--------+--------+--------+--------+--------+-----+--------+
         Total |   4717 |   4612 |    105 |   1088 |   2534 |   5 |  943.4 |
       Dungeon |   4717 |   4612 |    105 |   1088 |   2534 |   5 |  943.4 |
               +--------+--------+--------+--------+--------+-----+--------+

Top non-repeatable levels by time:
     D:4: 1380 daAuts
     D:3: 1340 daAuts
     D:2: 1051 daAuts
     D:1: 792 daAuts
     D:5: 153 daAuts
